 Dungeon Crawl Stone Soup version 0.18.1-8-gdd0e5ea (webtiles) character file.

30 santipi the Grasshopper (level 3, 0/18 HPs)
             Began as a Spriggan Warper on June 6, 2016.
             Was an Initiate of Qazlal.
             Succumbed to a worker ant's poison
             ... on level 4 of the Dungeon.
             The game lasted 00:12:15 (1965 turns).

santipi the Grasshopper (Spriggan Warper)           Turns: 1965, Time: 00:12:16

Health: 0/18       AC:  2    Str:  4 (7)  XL:     3   Next: 3%
Magic:  8/8        EV: 19    Int: 18 (20) God:    Qazlal [......]
Gold:   108        SH:  0    Dex: 13 (15) Spells: 1 memorised, 5 levels left

rFire  . . .     SeeInvis +     m - +0 short sword
rCold  . . .     Gourm    .     b - +0 robe
rNeg   . . .     Faith    .     (shield restricted)
rPois  .         Spirit   .     (helmet restricted)
rElec  .         Dismiss  .     (no cloak)
rCorr  .         Reflect  .     (gloves unavailable)
SustAt .         Harm     .     (boots unavailable)
MR     .....                    (no amulet)
Stlth  ++........               (no ring)
                                h - +1 ring of evasion

@: brilliant, lethally poisoned (0 -> -7), very slightly contaminated, very
quick, not resistant to hostile enchantments, unstealthy
A: unfitting armour, see invisible, herbivore 3, speed 3, slow metabolism 2
a: Renounce Religion


You were on level 4 of the Dungeon.
You worshipped Qazlal.
Qazlal was noncommittal.
You were not hungry.

You visited 1 branch of the dungeon, and saw 3 of its levels.

You collected 108 gold pieces.

Inventory:

Hand Weapons
 m - a +0 short sword (weapon)
Armour
 b - a +0 robe (worn)
 j - a +0 pair of gloves
Jewellery
 h - a +1 ring of evasion (left hand)
Wands
 n - a wand of disintegration (24/24)
Scrolls
 a - 2 scrolls of remove curse
 k - 11 scrolls of identify
Potions
 e - 2 potions of ambrosia
Books
 c - a book of Spatial Translocations

   Spells                             Type                      Level
   a - Apportation                    Translocation                1
   b - Blink                          Translocation                2
   c - Shroud of Golubria             Charms/Translocation         2
   d - Portal Projectile              Translocation                3
   e - Teleport Other                 Translocation                3
   f - Passage of Golubria            Translocation                4
Comestibles
 f - a bread ration
 g - 4 fruits


   Skills:
 + Level 1.6 Fighting
 + Level 2.3 Short Blades
 + Level 1.1 Throwing
 + Level 4.0 Dodging
 + Level 0.9 Stealth
 + Level 2.8 Spellcasting
 + Level 0.4 Charms
 + Level 5.3 Translocations


You had 5 spell levels left.
You knew the following spells:

 Your Spells              Type           Power        Failure   Level  Hunger
b - Shroud of Golubria    Chrm/Tloc      ###.......   1%          2    ##.....


Dungeon Overview and Level Annotations

Branches:
Dungeon (2/15)             Temple (0/1) D:4

Altars:
Fedhas
Okawaru
Pakellas
Qazlal
Trog
Xom
Zin
The Shining One


Innate Abilities, Weirdness & Mutations

You are tiny and cannot use many weapons and most armour.
You have supernaturally acute eyesight.
You are a herbivore.
You cover ground extremely quickly.
You need consume almost no food.


Message History

* * * LOW HITPOINT WARNING * * *
You feel sick.
Drink which item? (? for menu, Esc to quit)
It was a potion of brilliance.
You feel clever all of a sudden.
* * * LOW HITPOINT WARNING * * *
You feel sick. Why would you want to do that?
Read which item? (? for menu, Esc to quit)
As you read the scroll labeled BIMABL JESO, it crumbles to dust.
It is a scroll of recharging.
Charge which item? (? for menu, Esc to quit)
Your wand of disintegration glows for a moment.
That item cannot be evoked!
Why would you want to do that?
A worker ant comes into view.
* * * LOW HITPOINT WARNING * * *
You feel sick.
The worker ant twitches its antennae in your direction.
You die...

###...### #.......#
#######.#.###.#######
....<.#.............#
.................##.#
......≈≈≈≈≈......# #
..a.≈≈≈≈≈≈≈≈≈....# .#
..≈≈≈≈≈≈≈≈≈≈≈≈≈..##.#
.≈≈≈≈≈≈.@.≈≈≈≈≈≈.#..#
.≈≈≈≈≈≈.>.≈≈≈≈≈≈....#
.≈≈≈≈≈≈...≈≈≈≈≈≈.#.##
.≈≈≈≈≈≈≈≈≈≈≈≈≈≈≈...##
..≈≈≈≈≈≈≈≈≈≈≈≈≈.....##
....≈≈≈≈≈≈≈≈≈....#...#
......≈≈≈≈≈a............
.................#...##.
#.##.........#####..##


You could see 2 worker ants.

Vanquished Creatures
  3 dart slugs (D:1)
  3 bats
  3 goblins
  2 hobgoblins
  4 jackals (D:1)
  2 kobolds (D:1)
  A ball python (D:1)
  A giant newt (D:1)
  3 rats
22 creatures vanquished.

Notes
Turn   | Place    | Note
--------------------------------------------------------------
     0 | D:1      | santipi the Spriggan Warper began the quest for the Orb.
     0 | D:1      | Reached XP level 1. HP: 10/10 MP: 5/5
   148 | D:1      | Found an iron altar of Okawaru.
   153 | D:1      | Reached XP level 2. HP: 7/14 MP: 6/6
   167 | D:1      | Learned a level 2 spell: Shroud of Golubria
   368 | D:1      | Reached skill level 5 in Translocations
  1320 | D:2      | Found a stormy altar of Qazlal.
  1329 | D:2      | Became a worshipper of Qazlal Stormbringer
  1458 | D:2      | Reached XP level 3. HP: 16/18 MP: 6/8
  1503 | D:2      | Found a glowing silver altar of Zin.
  1507 | D:2      | Found a glowing golden altar of the Shining One.
  1507 | D:2      | Found an oddly glowing altar of Pakellas.
  1514 | D:2      | Found a bloodstained altar of Trog.
  1668 | D:2      | Found a blossoming altar of Fedhas.
  1764 | D:2      | You fall through a shaft for 2 floors!
  1764 | D:4      | Found a shimmering altar of Xom.
  1895 | D:4      | Found a staircase to the Ecumenical Temple.
  1965 | D:4      | Succumbed to a worker ant's poison

Skill      XL: |  1  2 |
---------------+-------+-----
Translocations | 5 |  5.3
Dodging        | 4 |  4.0
Fighting       | |  1.6
Short Blades   | |  2.3
Throwing       | |  1.1
Stealth        | |  0.9
Spellcasting   | |  2.8
Charms         | |  0.4

Action                   || total
-------------------------++-------
Melee: Short sword       ||   101
Throw: Tomahawk          ||     5
 Cast: Shroud of Golubri ||    10
  Use: Scroll            ||     7
       Potion            ||     4
 Stab: Sleeping          ||     1
Armor: Robe              ||     9
Dodge: Dodged            ||    90
